 Dungeon Crawl Stone Soup version 0.19.0-19-g8c6edcc (webtiles) character file.

43211 Monsterracer the Warrior (level 13, -2/133 HPs)
             Began as a Minotaur Berserker on Nov 13, 2016.
             Was a High Priest of Trog.
             Slain by an ice devil (19 damage)
             ... summoned by an orc high priest
             ... on level 2 of the Orcish Mines.
             The game lasted 00:43:25 (18895 turns).

Monsterracer the Warrior (Minotaur Berserker)      Turns: 18895, Time: 00:43:26

Health: -2/133     AC: 26    Str: 22    XL:     13   Next: 89%
Magic:  4/4        EV: 10    Int:  9    God:    Trog [*****.]
Gold:   1254       SH:  0    Dex: 15    Spells: 0 memorised, 12 levels left

rFire  . . .     SeeInvis +     q - +4 morningstar (antimagic)
rCold  . . .     Gourm    .     I - +5 plate armour {ponderous}
rNeg   . . .     Faith    .     v - +0 buckler
rPois  +         Spirit   .     (helmet restricted)
rElec  +         Reflect  .     u - +1 cloak
rCorr  .         Harm     .     k - +1 pair of gloves
MR     +....     NoTele   +     (no boots)
Stlth  ..........               (no amulet)
                                D - ring of Wululu {-Tele rElec rPois EV+2 Int+5}
                                t - ring of see invisible

@: confused, exhausted, very slightly contaminated, fainting, hasted, very quick
A: retaliatory headbutt, horns 2, deterioration 1, magic resistance 1, subdued
magic 1
a: Berserk, Trog's Hand, Brothers in Arms, Burn Spellbooks, Renounce Religion


You were on level 2 of the Orcish Mines.
You worshipped Trog.
Trog was extremely pleased with you.
You were fainting.

You visited 3 branches of the dungeon, and saw 18 of its levels.

You collected 1533 gold pieces.
You spent 279 gold pieces at shops.

Inventory:

Hand Weapons
 q - a +4 antimagic morningstar (weapon)
Armour
 k - a +1 pair of gloves (worn)
 u - a +1 cloak (worn)
 v - a +0 buckler (worn)
 I - a +5 plate armour of ponderousness (worn)
 J - the +3 ring mail of the Greedy {rF+ Str+8 Int-2 Dex-4}
   (You bought it in a shop on level 2 of the Orcish Mines)

   It affects your strength (+8).
   It affects your intelligence (-2).
   It affects your dexterity (-4).
   It protects you from fire.
Jewellery
 a - an uncursed ring of flight
 i - an uncursed ring of ice
 t - a ring of see invisible (left hand)
 D - the ring of Wululu (right hand) {-Tele rElec rPois EV+2 Int+5}
   (You found it on level 6 of the Lair of Beasts)

   [ring of evasion]

   It affects your evasion (+2).
   It affects your intelligence (+5).
   It insulates you from electricity.
   It protects you from poison.
   It prevents most forms of teleportation.
Wands
 b - a wand of teleportation (2/9)
 h - a wand of disintegration (13/24)
 y - a wand of paralysis (12/24)
 H - a wand of slowing (20/48)
Scrolls
 e - 3 scrolls of fear
 f - 8 scrolls of remove curse
 g - 3 scrolls of magic mapping
 l - 7 scrolls of teleportation
 m - 8 scrolls of identify
 o - 4 scrolls of enchant armour
 A - 3 scrolls of enchant weapon
Potions
 n - 9 potions of curing
 s - a potion of might
 x - a potion of heal wounds
 B - a potion of magic
 E - a potion of berserk rage
 F - a potion of agility
 G - 4 potions of flight
Comestibles
 c - 7 bread rations
 d - 6 beef jerkies
 j - 9 meat rations
 p - 7 slices of pizza
 r - 44 fruits


   Skills:
 * Level 17.4 Fighting
 - Level 16.2 Maces & Flails
 + Level 14.4 Armour
 - Level 2.1 Dodging
 - Level 3.6 Shields


You had 12 spell levels left.
You didn't know any spells.

Dungeon Overview and Level Annotations

Branches:
Dungeon (10/15)            Temple (0/1) D:6            Lair (6/6) D:9
  Swamp (0/4) Lair:3        Snake (0/4) Lair:4        Slime (0/5) Lair:5
    Orc (2/2) D:9             Elf (0/3) Orc:2

Altars:
Cheibriados
Dithmenos
Fedhas
Hepliaklqana
Makhleb
Okawaru
Qazlal
Sif Muna
Xom
Yredelemnul
Zin
Beogh
Jiyva

Shops:
D:5 }   D:7 ?   Orc:2 [![?%


Innate Abilities, Weirdness & Mutations

You reflexively headbutt those who attack you in melee.
You have a pair of horns on your head.
Your body sometimes deteriorates upon taking damage.
You are resistant to hostile enchantments. (MR+)
Your spells are a little easier to cast, but a little less powerful.


Message History

The ice devil freezes you!!
* * * LOW HITPOINT WARNING * * *
You are confused.
You feel invigorated. Something hits your ogre.
Are you sure you want to stumble around while confused and next to your ogre?
Your ogre hits the ice devil with a giant spiked club!
Something hits your ogre!
Items here: ))) [[ †† You sock the ice devil!
The ice devil is severely wounded.
The ice devil closely misses you. The red devil barely misses your ogre.
You hit the ice devil. You headbutt the ice devil.
The ice devil is almost dead.
Your ogre barely misses the ice devil.
You barely miss the ice devil. Your headbutt misses the ice devil.
The ice devil is almost dead.
The ice devil hits you.
* * * LOW HITPOINT WARNING * * *
The ice devil freezes you!!
You die...

#.. #...# ..#
#.........#
..#...#..
..).... ##)#)##
#)4)..#
###O#)###
#..(4)).##
#..#.@(#..#
#.....))..##
#...#...#...#
#...........##
#....#...#....#
#.............#
#....#...#....#
#.............#
#....#...#....#
###


You could see an ice devil, a red devil and a friendly ogre (berserk).

Vanquished Creatures
  An orc warlord (Orc:2)
  4 hydras
  An orc high priest (Orc:2)
  A hill giant (D:10)
  A deep elf mage (D:6)
  2 orc knights (Orc:2)
  4 black mambas
  3 rime drakes
  6 spiny frogs
  8 komodo dragons
  A troll (Orc:2)
  3 polar bears
  2 hornets (Lair:6)
  8 blink frogs
  Grinder (D:5)
  4 hippogriffs
  11 spriggans (Lair:6)
  A wyvern (D:10)
  32 yaks
  A hungry ghost (D:8)
  2 basilisks (Lair:1)
  The ghost of cedor the Slasher, an amateur DsMo of Hepliaklqana (D:4)
  5 swamp worms (Lair:3)
  3 wargs
  4 nagas (Lair:4)
  15 water moccasins
  3 porcupines
  35 orc warriors
  3 phantoms
  3 sky beasts
  3 black bears (Lair:6)
  24 wolves
  A centaur (D:8)
  An ice beast (D:9)
  9 ogres
  3 boggarts (Lair:6)
  16 crocodiles
  2 big kobolds
  Blork the orc (D:5)
  2 gnoll sergeants
  10 bullfrogs
  A wyvern zombie (D:8)
  9 killer bees
  5 scorpions
  4 wights (D:10)
  7 electric eels
  A howler monkey (D:7)
  4 crimson imps
  A quasit (D:9)
  Crazy Yiuf (D:2)
  A centaur zombie (D:6)
  5 hounds
  2 jellies
  22 orc priests
  A centaur skeleton (D:7)
  25 orc wizards
  3 iron imps (D:8)
  A bullfrog skeleton (D:4)
  Terence (D:3)
  2 iguanas
  8 worker ants
  A killer bee zombie (D:9)
  3 hound skeletons
  A worker ant zombie (D:7)
  10 gnolls
  8 adders
  2 river rats (D:9)
  A shadow imp (D:5)
  An ooze (D:4)
  A worm (D:4)
  3 leopard geckos
  70 orcs
  4 giant cockroaches
  6 goblins
  10 hobgoblins
  11 jackals
  5 kobolds
  6 quokkas
  2 ball pythons
  11 bats
  8 frilled lizards
  A leopard gecko skeleton (D:5)
  12 rats
  A fungus (D:2)
  A plant (Lair:4)
524 creatures vanquished.

Vanquished Creatures (collateral kills)
  A hydra (Lair:6)
  A catoblepas (Lair:6)
  3 orc high priests (Orc:2)
  2 spriggans (Lair:6)
  2 orc knights (Orc:2)
  A troll (D:9)
  A hornet (Lair:6)
  2 yaks (D:9)
  11 orc warriors
  2 wolves (Lair:6)
  A big kobold (D:9)
  A gnoll sergeant (D:9)
  A scorpion (D:9)
  7 orc priests (Orc:2)
  An iguana (D:9)
  2 gnolls (D:9)
  9 orcs
48 creatures vanquished.

Vanquished Creatures (others)
  7 fungi
  9 plants
16 creatures vanquished.

Grand Total: 588 creatures vanquished

Notes
Turn   | Place    | Note
-------+----------+-------------------------------------------
     0 | D:1      | Monsterracer the Minotaur Berserker began the quest for the Orb.
     0 | D:1      | Reached XP level 1. HP: 19/19 MP: 0/0
   170 | D:1      | Reached XP level 2. HP: 19/26 MP: 1/1
   759 | D:2      | Reached skill level 5 in Maces & Flails
   759 | D:2      | Reached XP level 3. HP: 25/31 MP: 2/2
  1242 | D:2      | Found a glowing silver altar of Zin.
  1246 | D:2      | Found a shadowy altar of Dithmenos.
  1533 | D:2      | Reached ** piety under Trog
  1966 | D:2      | Found a runed door.
  1970 | D:2      | Noticed Crazy Yiuf
  1976 | D:2      | Killed Crazy Yiuf
  1976 | D:2      | Reached XP level 4. HP: 39/39 MP: 3/3
  2292 | D:3      | Found a basalt altar of Yredelemnul.
  2409 | D:3      | Noticed Terence
  2415 | D:3      | Killed Terence
  2415 | D:3      | Reached XP level 5. HP: 40/45 MP: 4/4
  2646 | D:3      | Found a faded altar of an unknown god.
  2646 | D:3      | Found an iron altar of Okawaru.
  2651 | D:3      | Found a faded altar of an unknown god.
  2653 | D:3      | Found a snail-covered altar of Cheibriados.
  2654 | D:3      | Found a faded altar of an unknown god.
  2951 | D:4      | Gained mutation: Your mind is acute. (Int +2) [potion of beneficial mutation]
  2967 | D:4      | Found a stormy altar of Qazlal.
  3071 | D:4      | Lost mutation: Your mind is acute. (Int +2) [potion of cure mutation]
  3254 | D:4      | Reached *** piety under Trog
  3254 | D:4      | Reached XP level 6. HP: 46/51 MP: 5/5
  3284 | D:4      | Noticed cedor's ghost (amateur DsMo)
  3293 | D:4      | Killed cedor's ghost
  3448 | D:5      | Entered Level 5 of the Dungeon
  3506 | D:5      | Reached XP level 7. HP: 52/57 MP: 6/6
  3518 | D:5      | Found Vugeshocsa's Gadget Boutique.
  3603 | D:5      | Reached skill level 10 in Maces & Flails
  3780 | D:5      | Noticed Grinder
  3781 | D:5      | Paralysed by Grinder for 6 turns
  3800 | D:5      | Killed Grinder
  3925 | D:5      | Noticed Blork the orc
  3932 | D:5      | Killed Blork the orc
  4107 | D:5      | Reached XP level 8. HP: 51/66 MP: 7/7
  4344 | D:5      | Reached skill level 4 in Fighting
  4422 | D:6      | Found a staircase to the Ecumenical Temple.
  4560 | D:6      | Reached **** piety under Trog
  4890 | D:6      | Reached skill level 5 in Fighting
  5446 | D:6      | Found a blossoming altar of Fedhas.
  5605 | D:6      | Reached skill level 5 in Armour
  5605 | D:6      | Reached XP level 9. HP: 69/75 MP: 8/8
  5623 | D:6      | Noticed a deep elf mage
  5632 | D:6      | Killed a deep elf mage
  5632 | D:6      | Reached skill level 6 in Fighting
  5669 | D:6      | Found a deep blue altar of Sif Muna.
  6020 | D:7      | Found Waosotso's Magic Scroll Shop.
  6180 | D:8      | Reached skill level 7 in Fighting
  6594 | D:8      | Reached ***** piety under Trog
  6691 | D:8      | Found a hazy altar of Hepliaklqana.
  6822 | D:8      | Found a burning altar of Makhleb.
  6937 | D:8      | Reached XP level 10. HP: 72/88 MP: 9/9
  7169 | D:9      | Reached skill level 8 in Fighting
  7259 | D:9      | Found a staircase to the Orcish Mines.
  7584 | D:9      | Reached skill level 15 in Maces & Flails
  7597 | D:9      | Found a staircase to the Lair.
  7716 | D:9      | You fall through a shaft!
  7716 | D:10     | Entered Level 10 of the Dungeon
  7719 | D:10     | Noticed a hill giant
  7736 | D:10     | Killed a hill giant
  7736 | D:10     | Reached skill level 9 in Fighting
  7741 | D:10     | Received a gift from Trog
  8362 | D:10     | Reached XP level 11. HP: 93/97 MP: 3/10
  8909 | Lair:1   | Entered Level 1 of the Lair of Beasts
  9212 | Lair:1   | Reached skill level 10 in Fighting
  9499 | Lair:1   | Reached skill level 10 in Armour
  9990 | Lair:2   | Received a gift from Trog
  9990 | Lair:2   | Reached skill level 11 in Fighting
 10846 | Lair:2   | Reached skill level 12 in Fighting
 10950 | Lair:2   | Reached XP level 12. HP: 104/112 MP: 3/11
 11691 | Lair:3   | Found a deep blue altar of Sif Muna.
 11918 | Lair:3   | Reached skill level 13 in Fighting
 11946 | Lair:3   | Found a staircase to the Swamp.
 12413 | Lair:4   | Found a staircase to the Snake Pit.
 12458 | Lair:4   | Noticed a four-headed hydra
 12463 | Lair:4   | Killed a four-headed hydra
 13110 | Lair:4   | Reached skill level 14 in Fighting
 13820 | Lair:5   | Found a viscous altar of Jiyva.
 13826 | Lair:5   | Found a staircase to the Slime Pits.
 13930 | Lair:5   | Gained mutation: Your body sometimes deteriorates upon taking damage. [potion of mutation]
 13930 | Lair:5   | Gained mutation: You are resistant to hostile enchantments. (MR+) [potion of mutation]
 13930 | Lair:5   | Gained mutation: Your spells are a little easier to cast, but a little less powerful. [potion of mutation]
 14319 | Lair:6   | Entered Level 6 of the Lair of Beasts
 14870 | Lair:6   | Noticed a seven-headed hydra
 14877 | Lair:6   | Noticed a catoblepas
 14880 | Lair:6   | Killed a seven-headed hydra
 14897 | Lair:6   | Killed a catoblepas
 15256 | Lair:6   | Received a gift from Trog
 15256 | Lair:6   | Reached skill level 15 in Fighting
 15451 | Lair:6   | Reached XP level 13. HP: 108/127 MP: 4/12
 15757 | Lair:6   | HP: 4/127 [spriggan rider/spear (7)]
 16471 | Lair:6   | Got a fine copper ring
 16477 | Lair:6   | Identified the ring of Wululu {-Tele rElec rPois EV+2 Int+5} (You found it on level 6 of the Lair of Beasts)
 16516 | Lair:6   | Reached skill level 16 in Fighting
 17080 | Lair:6   | Reached skill level 1 in Shields
 17270 | Orc:1    | Entered Level 1 of the Orcish Mines
 17473 | Orc:1    | Found a roughly hewn altar of Beogh.
 17590 | Orc:2    | Entered Level 2 of the Orcish Mines
 17590 | Orc:2    | Found Voiff's Food Emporium.
 17859 | Orc:2    | Found Ditrigot's Magic Scroll Emporium.
 17869 | Orc:2    | Noticed an orc warlord
 17884 | Orc:2    | Killed an orc warlord
 17937 | Orc:2    | Found Usyoklia's Armour Boutique.
 17952 | Orc:2    | Found Xoikhlupo's Distillery.
 18294 | Orc:2    | Found a shimmering altar of Xom.
 18307 | Orc:2    | Found Huikio's Antique Armour Shop.
 18333 | Orc:2    | Found a staircase to the Elven Halls.
 18342 | Orc:2    | Bought a pearl-encrusted ring mail for 279 gold pieces
 18352 | Orc:2    | Identified the +3 ring mail of the Greedy {rF+ Str+8 Int-2 Dex-4} (You bought it in a shop on level 2 of the Orcish Mines)
 18819 | Orc:2    | Received a gift from Trog
 18819 | Orc:2    | Reached skill level 17 in Fighting
 18895 | Orc:2    | Slain by an ice devil

Skill      XL: |  1  2  3  4  5  6  7  8  9 10 11 12 13 |
---------------+----------------------------------------+-----
Maces & Flails | 4 5 6 8 9 11 12 14 15 16 | 16.2
Fighting       | 5 7 9 12 15 17 | 17.4
Armour         | 5 7 9 11 13 14 | 14.4
Shields        | 3 |  3.6
Dodging        | |  2.1

Action                   |  1- 3 |  4- 6 |  7- 9 | 10-12 | 13-15 || total
-------------------------+-------+-------+-------+-------+-------++-------
Melee: Mace              |    76 |    94 |    49 |       |       ||   219
       Headbutt          |     6 |    15 |    73 |   151 |    75 ||   320
       Flail             |       |       |   284 |   222 |       ||   506
       Great mace        |       |       |       |   146 |       ||   146
       Morningstar       |       |       |       |   350 |   429 ||   779
Invok: Berserk           |     3 |     2 |     6 |     8 |     8 ||    27
       Brothers in Arms  |       |       |       |     3 |     6 ||     9
       Burn Spellbooks   |       |       |       |     6 |       ||     6
  Use: Potion            |     5 |     4 |     2 |     7 |     6 ||    24
       Scroll            |       |       |     1 |    18 |     1 ||    20
 Stab: Sleeping          |     2 |       |       |       |       ||     2
  Eat: Chunk             |     5 |     8 |    18 |    33 |    19 ||    83
       Fruit             |       |       |       |     4 |       ||     4
Armor: Animal skin       |    17 |       |       |       |       ||    17
       Leather armour    |       |    24 |       |       |       ||    24
       Chain mail        |       |     7 |   161 |   111 |       ||   279
       Plate armour      |       |       |       |   331 |   250 ||   581
Dodge: Dodged            |    50 |    52 |   114 |   275 |   229 ||   720
Block: Buckler           |       |       |       |       |    63 ||    63
